 Dungeon Crawl Stone Soup version 0.27.0-65-ge2af304b15 (webtiles) character file.

Game seed: 17069078533849186971

40411 ZARRMARR the Bludgeoner (level 13, 0/119 HPs)
             Began as a Minotaur Berserker on Aug 18, 2021.
             Was a High Priest of Trog.
             Slain by a death yak (18 damage)
             ... on level 6 of the Lair of Beasts on Aug 19, 2021.
             The game lasted 01:33:49 (27685 turns).

ZARRMARR the Bludgeoner (Minotaur Berserker)       Turns: 27685, Time: 01:33:50

Health: 0/119      AC: 26    Str: 24    XL:     13   Next: 74%
Magic:  12/12      EV: 11    Int:  4    God:    Trog [*****.]
Gold:   957        SH:  0    Dex: 13    Spells: 12/12 levels left

rFire    . . .     SeeInvis .   T - +2 great mace
rCold    + . .     Faith    .   (shield currently unavailable)
rNeg     . . .     Spirit   .   I - +1 chain mail {rC+}
rPois    .         Reflect  .   (helmet restricted)
rElec    .         Harm     .   O - +2 cloak
rCorr    .         Rampage  .   F - +0 pair of gloves
Will     .....                  (no boots)
Stlth    ..........             (no amulet)
HPRegen  0.29/turn              y - +4 ring of protection
MPRegen  0.13/turn              D - +4 ring of protection

@: no status effects
A: horns 2, retaliatory headbutt
a: Renounce Religion, Berserk, Trog's Hand, Brothers in Arms


You were on level 6 of the Lair of Beasts.
You worshipped Trog.
Trog was extremely pleased with you.
You visited 2 branches of the dungeon, and saw 16 of its levels.

You collected 957 gold pieces.

Inventory:

Hand Weapons
 p - a +3 demon trident
 u - a +1 vorpal morningstar
 T - a +2 great mace (weapon)
Missiles
 l - 10 silver boomerangs
 x - a throwing net
 C - 40 poisoned darts
 R - a silver javelin (quivered)
Armour
 F - a +0 pair of gloves (worn)
 I - a +1 chain mail of cold resistance (worn)
 O - a +2 cloak (worn)
 V - the +0 hat "Rugen" {rElec rPois Str-2 Int-3}
   (You found it on level 5 of the Lair of Beasts)

   Str:       It affects your strength (-2).
   Int:       It affects your intelligence (-3).
   rElec:     It insulates you from electricity.
   rPois:     It protects you from poison.
Jewellery
 c - an amulet of reflection
 w - a ring of ice
 y - a +4 ring of protection (left hand)
 D - a +4 ring of protection (right hand)
 H - a ring of fire
Wands
 f - a wand of iceblast (29)
 m - a wand of flame (21)
 z - a wand of digging (7)
 B - a wand of polymorph (11)
 K - a wand of charming (9)
Scrolls
 b - a scroll of noise
 g - 2 scrolls of fog
 h - 2 scrolls of silence
 j - 3 scrolls of enchant armour
 o - 2 scrolls of fear
 q - 3 scrolls of amnesia
 s - 2 scrolls of teleportation
 t - a scroll of immolation
 v - a scroll of magic mapping
 G - 3 scrolls of enchant weapon
 M - 2 scrolls of torment
 N - a scroll of brand weapon
 P - a scroll of blinking
Potions
 a - 2 potions of magic {unknown}
 d - 3 potions of brilliance
 e - 2 potions of resistance
 i - 3 potions of invisibility
 k - 5 potions of attraction
 n - a potion of lignification
 r - 3 potions of curing
 A - 2 potions of mutation {unknown}
 E - 5 potions of ambrosia
 J - a potion of haste {unknown}
 L - 2 potions of flight {unknown}
 S - a potion of cancellation {unknown}
Miscellaneous
 U - a phial of floods


   Skills:
 + Level 12.7 Fighting
 + Level 16.1 Maces & Flails
 + Level 10.8 Throwing
 + Level 12.9 Armour
 + Level 7.6 Dodging
 - Level 0.2 Stealth


You had 12 spell levels left.
You didn't know any spells.
Your spell library contained the following spells:

 Spells                   Type           Power      Damage    Failure   Level
 Animate Skeleton         Necr           0%         N/A       95%         1
 Apportation              Tloc           0%         N/A       95%         1
 Corona                   Hex            0%         N/A       95%         1
 Summon Small Mammal      Summ           0%         N/A       95%         1
 Slow                     Hex            0%         N/A       99%         2
 Confusing Touch          Hex            0%         N/A       100%        3
 Fireball                 Conj/Fire      0%         3d3       100%        5
 Yara's Violent Unravell  Hex/Tmut       0%         3d3       100%        5
 Starburst                Conj/Fire      0%         6d3       100%        6
 Ignition                 Fire           0%         3d3       100%        8


Dungeon Overview and Level Annotations

Branches:
Dungeon (10/15)            Temple (0/1) D:6            Lair (6/6) D:10
 Shoals (0/4) Lair:2        Snake (0/4) Lair:3        Slime (0/5) Lair:5
    Orc: D:9-12

Altars:
Cheibriados
Fedhas
Gozag
Makhleb
Nemelex Xobeh
Okawaru
Ru
Uskayaw
Vehumet
Wu Jian
Xom
Zin
The Shining One
Jiyva

Shops:
D:2 ?   D:3 ?[:((   D:6 [

Portals:
Volcano: Lair:6


Innate Abilities, Weirdness & Mutations

You have a pair of horns on your head.
You reflexively headbutt those who attack you in melee.


Message History

The death yak dies!
Trog accepts your kill. Something gores your death yak.
Something bites your death yak.
Something bites your death yak but does no damage.
Something gores your cane toad!! Something bites your cane toad.
You swap places.
Your death yak dies!
Your death yak's corpse dissolves into shadows!
Something gores your blink frog. Something bites your blink frog.
Your blink frog hits the death yak.
Your blink frog hits the death yak but does no damage.
Your blink frog blinks!
Your death yak gores the plant!
The plant begins to die.
The death yak gores your cane toad but does no damage.
Your blink frog hits the death yak!
Your blink frog blinks!
Your death yak dissolves into shadows!
Something misses your cane toad.
Your death yak gores the bush!
Your cane toad stings the death yak.
Your blink frog blinks!
A nearby plant withers and dies.
Your blink frog hits the bush!
Your blink frog blinks!
Your cane toad stings the bush but does no damage.
Something gores your cane toad!!
Your cane toad dies!
Your cane toad's corpse dissolves into shadows!
You feel yourself speed up.
Found a twisted citrine amulet.
Your blink frog dissolves into shadows!
Your blink frog dissolves into shadows!
Your blink frog blinks!
Your blink frog dissolves into shadows!
Your blink frog blinks!
Your blink frog blinks!
Found a dark tunnel.
c - an amulet of reflection
Found 25 stones.
You recover from your berserk rage.
Your blink frog blinks!
Your blink frog blinks!
The death yak gores you!!
You die...

,,,,,,,,,,,,,,,,,,,,,,,,,,,,,,,,,
*,,,,,,,,,.............,,,,,,,,,,
*,,,,,,,,,,............,,,,,,,,,,
*,,,,,,,,,,,...........,,,,,,,,,,
*,,,,,,,,,,,,.............,,,,,,.
,,,,,,,******,.............,,,,,.
,,,***** **,....,..P....,,,,,.
*,,,******* ###.#,,#..P...*,,,.#
*^,,,...#≈####..@####.#....#**##.
*,,,,..(∩≈§§....§Y.#...#...# ##.#
,,,,,...#§§§...........#...###...
*,,,,***##§§###.#.#...§..........
*,,,** ###* #####...#.#..#.P...
,,*** ***,,*#...##...###... ,,,*
****,,,**##...#...# ##S.
,,,*******,,,,,,,*,#.#.....#####.
,,,**,,,*,**,,,,,*..##P....YPY..†


You could see a death yak.

Vanquished Creatures
  Fannar (Lair:2)
  The ghost of robertstho the Thaumaturge, a journeyman DjFE of Gozag (Lair:2)
  5 hydras
  2 death yaks
  Urug (D:10)
  2 fire crabs (Lair:5)
  A lindwurm (Lair:5)
  A cyclops (D:9)
  4 oklob plants (Lair:4)
  17 elephants
  12 cane toads
  5 black mambas
  6 komodo dragons
  2 rime drakes
  A troll (D:10)
  The ghost of bnorton916 the Magician, a novice DECj of Sif Muna (D:5)
  A queen bee (D:9)
  Grinder (D:5)
  A polar bear (Lair:3)
  4 blink frogs (Lair:4)
  4 wyverns
  A fire bat (Lair:5)
  35 yaks
  2 humans (D:8)
  4 basilisks
  2 steam dragons
  12 water moccasins
  2 hell hounds (Lair:5)
  A hornet zombie (D:8)
  3 orc warriors (D:9)
  2 black bears
  3 necrophages
  2 ice beasts
  5 wolves (Lair:3)
  4 centaurs
  2 ogres
  2 phantoms
  2 kobold brigands
  4 bullfrogs
  A gnoll sergeant (D:9)
  4 scorpions
  34 killer bees
  A wight (D:8)
  7 electric eels (D:10)
  5 centaur zombies
  3 hounds
  A jelly (D:6)
  2 bullfrog zombies (D:5)
  6 orc priests
  A centaur skeleton (D:6)
  Jessica (D:2)
  11 orc wizards
  Ijyb (D:4)
  2 iguanas
  A hound skeleton (D:4)
  A howler monkey zombie (D:9)
  A howler monkey skeleton (D:5)
  12 gnolls
  4 adders
  An ufetubus (D:4)
  An adder zombie (D:5)
  2 worms
  4 dart slugs
  33 orcs
  4 ball pythons
  4 bats
  6 endoplasms
  2 giant cockroaches
  11 hobgoblins
  13 jackals
  4 quokkas
  A frilled lizard (D:2)
  5 goblins
  23 kobolds
  2 rats
376 creatures vanquished.

Vanquished Creatures (collateral kills)
  2 death yaks (Lair:6)
  A fire crab (Lair:5)
  2 cane toads (Lair:2)
  A yak (Lair:2)
  A fire elemental (Lair:5)
  5 wolves (Lair:2)
12 creatures vanquished.

Vanquished Creatures (others)
  34 fungi
  44 plants
  2 withered plants (Lair:2)
80 creatures vanquished.

Grand Total: 468 creatures vanquished

Notes
Turn   | Place    | Note
-------+----------+-------------------------------------------
     0 | D:1      | ZARRMARR the Minotaur Berserker began the quest for the
                  | Orb.
     0 | D:1      | Reached XP level 1. HP: 19/19 MP: 0/0
   373 | D:1      | Reached skill level 4 in Maces & Flails
   373 | D:1      | Reached XP level 2. HP: 25/27 MP: 1/1
  1022 | D:1      | Reached XP level 3. HP: 30/33 MP: 2/2
  1147 | D:1      | Found a faded altar of an unknown god.
  1697 | D:2      | Found Bimog's Magic Scroll Shoppe.
  1739 | D:2      | Noticed Jessica
  1746 | D:2      | Killed Jessica
  1747 | D:2      | Reached skill level 5 in Maces & Flails
  1747 | D:2      | Reached XP level 4. HP: 41/41 MP: 3/3
  1928 | D:2      | Reached ** piety under Trog
  2644 | D:3      | Found Nasuxooc's Magic Scroll Shop.
  2861 | D:3      | Found Piuruq's Weapon Shoppe.
  2888 | D:3      | Reached XP level 5. HP: 45/47 MP: 4/4
  3133 | D:3      | Found Lumekluz's Book Emporium.
  3208 | D:3      | Found Vidyshy's Antique Armour Shop.
  3314 | D:3      | Found Mulaam's Weapon Boutique.
  3413 | D:3      | Reached skill level 6 in Maces & Flails
  4375 | D:4      | Noticed Ijyb
  4388 | D:4      | Killed Ijyb
  4389 | D:4      | Reached skill level 5 in Fighting
  4662 | D:4      | Noticed a necrophage
  4674 | D:4      | Killed a necrophage
  4675 | D:4      | Reached XP level 6. HP: 56/56 MP: 5/5
  5316 | D:4      | Found a large runed translucent door.
  5316 | D:4      | Found a large runed translucent door.
  5741 | D:4      | Found an ornate altar of the Wu Jian Council.
  5741 | D:4      | Found an opulent altar of Gozag.
  6034 | D:4      | Found a sparkling altar of Nemelex Xobeh.
  6043 | D:4      | Found a glowing golden altar of the Shining One.
  6164 | D:5      | Entered Level 5 of the Dungeon
  6280 | D:5      | Reached skill level 5 in Armour
  6280 | D:5      | Reached XP level 7. HP: 61/61 MP: 6/6
  6341 | D:5      | Reached skill level 7 in Maces & Flails
  6542 | D:5      | Found a runed translucent door.
  6542 | D:5      | Noticed bnorton916's ghost (novice DECj)
  6573 | D:5      | Killed bnorton916's ghost
  6693 | D:5      | Noticed Grinder
  6700 | D:5      | Paralysed by Grinder for 2 turns
  6703 | D:5      | Killed Grinder
  6704 | D:5      | Reached skill level 8 in Maces & Flails
  6704 | D:5      | Reached XP level 8. HP: 70/70 MP: 7/7
  7347 | D:5      | Found a glowing silver altar of Zin.
  7776 | D:6      | Found Voti's Armour Shoppe.
  7807 | D:6      | Reached *** piety under Trog
  8062 | D:6      | Reached skill level 9 in Maces & Flails
  8860 | D:6      | Found a staircase to the Ecumenical Temple.
  9262 | D:6      | Reached XP level 9. HP: 79/79 MP: 8/8
  9350 | D:7      | Reached skill level 10 in Maces & Flails
  9583 | D:7      | Found a sacrificial altar of Ru.
  9823 | D:7      | Found a hide-covered altar of Uskayaw.
  9876 | D:7      | Found a burning altar of Makhleb.
 10260 | D:7      | Found a shimmering altar of Xom.
 11028 | D:8      | Found an iron altar of Okawaru.
 11045 | D:8      | Reached skill level 11 in Maces & Flails
 11045 | D:8      | Reached skill level 5 in Dodging
 11507 | D:8      | Found a radiant altar of Vehumet.
 12498 | D:9      | Reached **** piety under Trog
 13211 | D:9      | Noticed a cyclops
 13219 | D:9      | Killed a cyclops
 13220 | D:9      | Reached skill level 12 in Maces & Flails
 13220 | D:9      | Reached XP level 10. HP: 90/90 MP: 9/9
 13467 | D:9      | HP: 4/135 [killer bee (7)]
 13984 | D:9      | Found a snail-covered altar of Cheibriados.
 14330 | D:9      | Found a blossoming altar of Fedhas.
 14350 | D:9      | Reached skill level 13 in Maces & Flails
 14762 | D:10     | Entered Level 10 of the Dungeon
 15213 | D:10     | Noticed Urug
 15618 | D:10     | Found a staircase to the Lair.
 15865 | D:10     | Reached skill level 1 in Throwing
 15871 | D:10     | Reached ***** piety under Trog
 16511 | D:10     | Killed Urug
 16512 | D:10     | Reached XP level 11. HP: 98/99 MP: 10/10
 17574 | Lair:1   | Entered Level 1 of the Lair of Beasts
 17614 | Lair:1   | Reached skill level 14 in Maces & Flails
 17622 | Lair:1   | Reached skill level 10 in Fighting
 19246 | Lair:2   | Found a staircase to the Shoals.
 19318 | Lair:2   | Reached skill level 5 in Throwing
 19401 | Lair:2   | Noticed Fannar
 19402 | Lair:2   | Found a runed translucent door.
 19402 | Lair:2   | Noticed robertstho's ghost (journeyman DjFE)
 19416 | Lair:2   | Killed Fannar
 19417 | Lair:2   | Reached skill level 10 in Armour
 19417 | Lair:2   | Noticed a seven-headed hydra
 20087 | Lair:2   | Reached skill level 15 in Maces & Flails
 20087 | Lair:2   | Reached XP level 12. HP: 81/108 MP: 11/11
 20612 | Lair:2   | Killed a seven-headed hydra
 21190 | Lair:2   | Killed robertstho's ghost
 21963 | Lair:3   | Noticed a six-headed hydra
 21972 | Lair:3   | Killed a six-headed hydra
 22202 | Lair:3   | You fall into a shaft and drop 1 floor!
 22210 | Lair:4   | Reached skill level 16 in Maces & Flails
 22339 | Lair:4   | Noticed a death yak
 22346 | Lair:4   | Killed a death yak
 23997 | Lair:4   | Reached XP level 13. HP: 118/118 MP: 12/12
 24821 | Lair:3   | Found a staircase to the Snake Pit.
 25952 | Lair:5   | Reached skill level 10 in Throwing
 26217 | Lair:5   | Received a gift from Trog
 26693 | Lair:5   | Found a transporter.
 26996 | Lair:5   | Found a staircase to the Slime Pits.
 26996 | Lair:5   | Found a viscous altar of Jiyva.
 27338 | Lair:5   | Found a transporter.
 27538 | Lair:5   | Identified the +0 hat "Rugen" {rElec rPois Str-2 Int-3}
 27608 | Lair:6   | Entered Level 6 of the Lair of Beasts
 27653 | Lair:6   | HP: 3/119 [death yak (15)]
 27676 | Lair:6   | Found a dark tunnel.
 27685 | Lair:6   | Slain by a death yak

Illustrated notes

Levels and vault maps discovered:
D:1:      amcnicky_arrival_feature_with_door, layout_basic,
          ebering_ecumenical_altar_webs
D:2:      layout_basic, serial_shops, nicolae_shop_waterfront, feat_on_display,
          uniq_jessica
D:3:      layout_basic, serial_shops, shop, nicolae_shop_crystal, shop, shop,
          nicolae_shop_statue_plus
D:4:      layout_basic, gammafunk_temple_overflow_pools, jmf_multi_god_temple2,
          uniq_ijyb
D:5:      layout_basic, zin_academy, gammafunk_ghost_grave, uniq_grinder
D:6:      layout_basic, minmay_temple_entry_crystal_x, serial_glass,
          glass_columns_b, glass_columns_b, serial_shops, shop,
          kennysheep_generic_room_12
D:7:      layout_loops_cross, bloody_makhleb, nicolae_ru_sacrificial_ziggurat,
          old_standard_altar, nicolae_uskayaw_dance_hall
D:8:      layout_basic, vehumet_altar_wand_db, okawaru_humans, st_stairs_14
D:9:      layout_roguey [special_room_bee], kennysheep_slug_shrine,
          fedhas_ov_isle_minmay, kennysheep_flooded_box, minmay_microvault
D:10:     layout_basic, lair_entry_dummy, minmay_unpleasant_kobolds, uniq_urug
Lair:1:   layout_small_grid, serial_bayou_shore_a
Lair:2:   layout_misc_corridors, shoals_dummy_entry, gammafunk_ghost_grave,
          beast_lair_carwin_9, uniq_fannar
Lair:3:   layout_regular_city, dummy_snake_entry
Lair:4:   layout_cave_pods, beast_lair_carwin_3, minmay_lair_oklob_chamber,
          lemuel_fruit_fields, grunt_megastairs_2, infiniplex_staircase_pool_2
Lair:5:   gammafunk_cloud_chamber, layout_loops_ring, slime_altar_1,
          grunt_megastairs_1
Lair:6:   minmay_lair_end_frog_pond, layout_regular_city,
          nicolae_volcano_entry_two_sided, nicolae_quartered_pool_super,
          cheibrodos_lair_lostbears

Skill      XL: |  1  2  3  4  5  6  7  8  9 10 11 12 13 |
---------------+----------------------------------------+-----
Maces & Flails | 4 5 6 8 9 12 13 15 16 | 16.1
Fighting       | 4 5 6 7 8 9 10 12 | 12.7
Armour         | 4 5 6 7 9 10 11 12 | 12.9
Dodging        | 3 4 5 6 7 |  7.6
Throwing       | 1 6 8 10 | 10.8
Stealth        | |  0.2

Action                   |  1- 3 |  4- 6 |  7- 9 | 10-12 | 13-15 || total
-------------------------+-------+-------+-------+-------+-------++-------
Melee: Mace              |    58 |   122 |   125 |       |       ||   305
       Headbutt          |    12 |    11 |    57 |    76 |    26 ||   182
       Morningstar       |       |       |   150 |   386 |    82 ||   618
       Great mace        |       |       |       |       |    36 ||    36
Throw: Boomerang         |       |       |       |   152 |    47 ||   199
       Javelin           |       |       |       |    45 |    19 ||    64
Invok: Berserk           |     2 |    11 |    21 |    26 |     8 ||    68
       Trog's Hand       |       |       |     2 |     2 |     1 ||     5
       Brothers in Arms  |       |       |       |     1 |     2 ||     3
  Use: Scroll            |     2 |     1 |     5 |    14 |     3 ||    25
       Potion            |       |       |       |     6 |     2 ||     8
 Stab: Sleeping          |     2 |       |       |       |       ||     2
Armor: Animal skin       |    11 |       |       |       |       ||    11
       Ring mail         |       |    44 |   110 |    90 |       ||   244
       Skin              |       |       |       |    38 |       ||    38
       Chain mail        |       |       |       |    95 |    90 ||   185
Dodge: Dodged            |    41 |    57 |   135 |   196 |    61 ||   490
